 Dungeon Crawl Stone Soup version 0.30-a0-964-gd452b5e7fa (webtiles) character file.

Game seed: 12463842297208689971

17235 tilp the Covert (level 12, -3/92 HPs)
             Began as a Vampire Enchanter on Mar 30, 2023.
             Was an Elder of Wu Jian.
             Slain by a troll (9 damage)
             ... on level 11 of the Dungeon on Mar 31, 2023.
             The game lasted 00:29:03 (10705 turns).

tilp the Covert (Vampire Enchanter)                Turns: 10705, Time: 00:29:04

Health: -3/92      AC:  9    Str:  7    XL:     12   Next: 17%
Magic:  18/22      EV: 15    Int: 21    God:    Wu Jian [****..]
Gold:   1105       SH:  0    Dex: 16    Spells: 14/25 levels left

rFire   . . .      SeeInvis +    a - +2 dagger (flame)
rCold   . . .      Faith    .    (no shield)
rNeg    . . .      Spirit   .    f - +0 robe
rPois   .          Reflect  .    m - +1 helmet
rElec   .          Rampage  .    L - +2 cloak
rCorr   +                        (no gloves)
Will    +....                    q - +1 pair of boots
Stlth   +++++                    k - amulet of magic regeneration
HPRegen 0.55/turn                l - ring of resist corrosion
MPRegen 0.58/turn                J - ring of wizardry

@: healing quickly, slowed, very slow
A: alive, fangs 3, see invisible, vampiric 2
a: Exsanguinate, Renounce Religion, Wall Jump, Serpent's Lash


You were on level 11 of the Dungeon.
You worshipped Wu Jian.
Wu Jian was greatly pleased with you.
You visited 2 branches of the dungeon, and saw 12 of its levels.
You also visited: Sewer.

You collected 1105 gold pieces.

Inventory:

Hand Weapons
 a - a +2 dagger of flaming (weapon)
 b - a +1 dagger of freezing
 j - a +1 dagger
 I - a +2 great sword of freezing
 K - a +4 dagger
Missiles
 u - 6 javelins
 z - 3 boomerangs (quivered)
 C - a silver boomerang
 N - 13 poisoned darts
 Q - 4 curare-tipped darts
Armour
 f - a +0 robe (worn)
 m - a +1 helmet (worn)
 q - a +1 pair of boots (worn)
 L - a +2 cloak (worn)
Magical Staves
 g - the staff of earth "Zyagampo" {rN+}
   (You found it in a sewer)

   [staff of earth]

   Base accuracy: +5 Base damage: 5 Base attack delay: 1.2 This weapon's minimum
   attack delay (0.6) is reached at skill level 12.
   rN:        It protects you from negative energy.
   It falls into the 'Staves' category.
   It is a one-handed weapon.
Jewellery
 d - an amulet of reflection
 k - an amulet of magic regeneration (around neck)
 l - a ring of resist corrosion (left hand)
 J - a ring of wizardry (right hand)
 M - a ring of protection from cold
 O - a ring of protection from cold
 T - an amulet of regeneration
Wands
 s - a wand of polymorph (10)
 x - a wand of digging (9)
 B - a wand of flame (3)
 E - a wand of paralysis (4)
Scrolls
 e - 3 scrolls of immolation
 h - 2 scrolls of amnesia
 p - 3 scrolls of magic mapping
 r - 2 scrolls of fear
 w - 5 scrolls of identify
 y - 4 scrolls of blinking
 A - 3 scrolls of enchant weapon
 D - 2 scrolls of teleportation
 F - 2 scrolls of fog
 P - a scroll of vulnerability
 V - a scroll of poison
Potions
 c - 3 potions of invisibility
 i - a potion of brilliance
 n - 4 potions of haste
 o - 2 potions of mutation
 t - 7 potions of curing
 v - 4 potions of ambrosia
 G - 3 potions of heal wounds
 H - 2 potions of might
 R - a potion of flight
 S - a potion of resistance
 U - a potion of lignification {unknown}


   Skills:
 + Level 8.1 Fighting
 - Level 10.0 Short Blades
 + Level 3.3 Throwing
 * Level 6.5 Dodging
 + Level 12.2 Stealth
 + Level 7.1 Spellcasting
 + Level 12.2 Hexes
 + Level 4.2 Evocations


You had 14 spell levels left.
You knew the following spells:

 Your Spells              Type           Power      Damage    Failure   Level
a - Ensorcelled Hibernat  Hex/Ice        66%        N/A       1%          2
b - Confusing Touch       Hex            56%        N/A       1%          3
c - Tukima's Dance        Hex            56%        N/A       1%          3
d - Dazzling Flash        Conj/Hex       66%        N/A       1%          3

Your spell library contained the following spells:

 Spells                   Type           Power      Damage    Failure   Level
 Fulminant Prism          Conj/Hex       16%        3d10      2%          4
 Kiss of Death            Conj/Necr      28%        2d7       3%          1
 Magic Dart               Conj           28%        1d4       3%          1
 Sting                    Tmut/Pois      28%        1d4       3%          1
 Poisonous Vapours        Pois/Air       14%        N/A       5%          2
 Searing Ray              Conj           14%        2d5       5%          2
 Sublimation of Blood     Necr           7%         N/A       5%          2
 Silence                  Hex/Air        16%        N/A       9%          5
 Gell's Gravitas          Tloc           7%         N/A       11%         3
 Teleport Other           Tloc           7%         N/A       11%         3
 Animate Dead             Necr           7%         N/A       32%         4
 Dispel Undead            Necr           7%         3d8       32%         4
 Olgreb's Toxic Radiance  Pois           7%         N/A       32%         4
 Petrify                  Tmut/Erth      7%         N/A       32%         4
 Agony                    Necr           7%         N/A       65%         5
 Borgnjor's Vile Clutch   Necr/Erth      3%         N/A       65%         5
 Irradiate                Conj/Tmut      3%         3d12      65%         5
 Death Channel            Necr           3%         N/A       99%         6
 Dispersal                Tloc           3%         N/A       99%         6


Dungeon Overview and Level Annotations

Branches:
Dungeon (11/15)            Temple (1/1) D:5            Lair (0/5) D:11
  Sewer (visited)
    Orc: D:9-12

Altars:
Ashenzari
Cheibriados
Dithmenos
Fedhas
Gozag
Hepliaklqana
Kikubaaqudgha
Makhleb
Nemelex Xobeh
Okawaru
Qazlal
Ru
Sif Muna
Trog
Uskayaw
Vehumet
Wu Jian
Xom
Yredelemnul
Jiyva

Annotations:
D:3 Grinder
D:8 2 transporters


Innate Abilities, Weirdness & Mutations

Your natural rate of healing is accelerated.
You have razor-sharp teeth.
You have supernaturally acute eyesight. (SInv)
You are afflicted with vampirism and can become a bat while bloodless.


Message History

You hit the two-headed ogre. You burn the two-headed ogre.
You kill the two-headed ogre!
The Council accepts your kill.
Unknown command.
Casting: Confusing Touch (safe; 1% risk of failure)
Confirm with . or Enter, or press ? or * to list all spells.
You can't see any susceptible monsters within range! (Use Z to cast anyway.) Unknown command.
Casting: Confusing Touch (safe; 1% risk of failure)
Confirm with . or Enter, or press ? or * to list all spells.
Your hands begin to glow red.
The freezing wraith hits you. The freezing wraith freezes you!
* * * LOW HITPOINT WARNING * * *
The freezing wraith hits you.
* * * LOW HITPOINT WARNING * * *
The freezing wraith drains your vigour!
You feel yourself slow down.
Unknown command.
You hit the freezing wraith but do no damage.
The freezing wraith appears confused.
You bite the freezing wraith.
The freezing wraith is lightly damaged.
You strike the helpless freezing wraith from behind!
You skewer the freezing wraith like a kebab!!!
You burn the freezing wraith.
The freezing wraith is almost destroyed.
You hit the freezing wraith but do no damage.
The freezing wraith is almost destroyed.
The troll closely misses you. The troll claws you!
* * * LOW HITPOINT WARNING * * *
The troll misses you.
The freezing wraith hits the troll but does no damage.
The freezing wraith barely misses the troll.
You hit the freezing wraith but do no damage.
The freezing wraith is almost destroyed.
The troll bites you!
* * * LOW HITPOINT WARNING * * *
The troll claws you.
* * * LOW HITPOINT WARNING * * *
The troll barely misses you. The troll bites you!
You die...

.......#......#..
#..
(.####.#......#..
#.. .. #.#......#
### #.. #.#......#
..# #..
#.#^.....#...# #..
#.#......#.. #..
##'###### #..
#.....#.. #..
#..@T.#... #..
#....)# #######..
#.[W..O....#........
#.....######........
####### #..####..
#..# #.. #..# #..
#..# #.. #..# #..


You could see a two-headed ogre, a freezing wraith (confused) and a troll.

Vanquished Creatures
  Erolcha (D:9)
  5 two-headed ogres
  A boulder beetle (D:11)
  Sonja (D:10)
  An ugly thing (D:11)
  A manticore (D:11)
  An unseen horror (D:11)
  2 kobold demonologists (D:11)
  2 trolls
  A hornet (D:9)
  Prince Ribbit (D:9)
  A vampire (D:11)
  5 wraiths
  2 shadows (D:10)
  12 yaks
  5 wyverns (D:11)
  2 steam dragons
  11 vampire mosquitoes
  Menkaure (D:6)
  2 acid dragons
  3 water moccasins (D:11)
  4 orc warriors
  A black bear (D:7)
  2 sky beasts
  2 ogres
  6 centaurs
  2 phantoms
  2 kobold brigands
  3 bullfrogs
  A gnoll sergeant (D:8)
  A scorpion (D:7)
  5 wights (D:8)
  11 killer bees
  3 electric eels (D:11)
  8 howler monkeys
  7 hounds
  2 gnoll boudas
  2 jellies
  3 orc priests
  6 iguanas
  6 orc wizards
  17 gnolls
  9 adders
  3 ufetubi
  3 worms (D:2)
  A dart slug (D:1)
  21 orcs
  21 ball pythons
  11 bats
  21 endoplasms
  5 giant cockroaches
  5 goblins
  8 hobgoblins
  9 quokkas
  9 frilled lizards
  13 kobolds
  6 rats
300 creatures vanquished.

Vanquished Creatures (collateral kills)
  2 wights (D:8)
  2 orcs (D:8)
4 creatures vanquished.

Vanquished Creatures (others)
  3 dancing weapons (D:8)
  2 fungi (D:11)
  17 plants (D:11)
22 creatures vanquished.

Grand Total: 326 creatures vanquished

Notes
Turn   | Place    | Note
-------+----------+-------------------------------------------
     0 | D:1      | tilp the Vampire Enchanter began the quest for the Orb.
     0 | D:1      | Reached XP level 1. HP: 13/13 MP: 3/3
   182 | D:1      | Reached XP level 2. HP: 20/20 MP: 5/5
   186 | D:1      | Learned a level 2 spell: Ensorcelled Hibernation
   587 | D:1      | Gained mutation: You are afflicted with vampirism and can
                  | become a bat while bloodless. [Vampire growth]
   587 | D:1      | Reached XP level 3. HP: 25/25 MP: 6/6
   863 | D:2      | Reached skill level 1 in Fighting
  1004 | D:2      | Reached skill level 5 in Stealth
  1062 | D:2      | Reached skill level 5 in Hexes
  1115 | D:2      | Reached XP level 4. HP: 27/32 MP: 3/7
  1373 | D:2      | Found a faded altar of an unknown god.
  1699 | D:3      | Noticed Grinder
  1772 | D:3      | Identified the +0 dagger of the Magic Mushroom {heavy,
                  | Will+}
  2143 | D:3      | Noticed an ogre
  2145 | D:3      | Killed an ogre
  2146 | D:3      | Reached XP level 5. HP: 38/38 MP: 7/9
  2273 | D:4      | Noticed an ogre
  2339 | D:4      | Learned a level 3 spell: Confusing Touch
  2343 | D:4      | Learned a level 3 spell: Tukima's Dance
  2350 | D:4      | Found a glowing drain.
  2355 | Sewer    | Entered a sewer
  2457 | Sewer    | Reached XP level 6. HP: 44/44 MP: 8/10
  2634 | Sewer    | Identified the staff of earth "Zyagampo" {rN+}
  2860 | D:4      | Identified the +0 helmet of the Harvest {Rampage rN+ Dex-4
                  | Stlth+}
  3097 | D:4      | Reached skill level 1 in Throwing
  3097 | D:4      | Reached XP level 7. HP: 51/51 MP: 11/11
  3376 | D:5      | Entered Level 5 of the Dungeon
  3433 | D:5      | Found a hazy altar of Hepliaklqana.
  3484 | D:5      | Found a staircase to the Ecumenical Temple.
  3510 | Temple   | Entered the Ecumenical Temple
  3636 | Temple   | Became a worshipper of the Wu Jian Council
  3687 | D:5      | Found a hide-covered altar of Uskayaw.
  3832 | D:5      | Reached skill level 1 in Evocations
  4444 | D:5      | Learned a level 3 spell: Dazzling Flash
  4457 | D:6      | Noticed Menkaure
  4473 | D:6      | Killed Menkaure
  4474 | D:6      | Reached XP level 8. HP: 19/58 MP: 10/13
  5149 | D:6      | You fall into a shaft and drop 1 floor!
  5169 | D:6      | Reached skill level 5 in Short Blades
  5643 | D:7      | Reached * piety under Wu Jian
  5825 | D:7      | Reached XP level 9. HP: 58/65 MP: 12/16
  6124 | D:7      | Reached skill level 5 in Spellcasting
  6749 | D:8      | Found a transporter.
  6750 | D:8      | Found a transporter.
  6750 | D:8      | Noticed a great orb of eyes
  6827 | D:8      | Found a viscous altar of Jiyva.
  7422 | D:8      | Reached ** piety under Wu Jian
  7428 | D:8      | Reached XP level 10. HP: 59/73 MP: 10/18
  7523 | D:9      | Found a shimmering blue altar of Sif Muna.
  7539 | D:9      | Noticed Prince Ribbit
  7558 | D:9      | Killed Prince Ribbit
  7561 | D:9      | Reached skill level 5 in Dodging
  7647 | D:9      | Noticed Erolcha
  7681 | D:9      | Killed Erolcha
  7682 | D:9      | Reached skill level 5 in Fighting
  7886 | D:9      | Found a radiant altar of Vehumet.
  8504 | D:9      | Upgraded the game from 0.30-a0-956-gcec3b41aec to
                  | 0.30-a0-964-gd452b5e7fa
  8541 | D:10     | Entered Level 10 of the Dungeon
  8541 | D:10     | Noticed Sonja
  8626 | D:10     | Noticed a two-headed ogre
  8660 | D:10     | Reached skill level 10 in Stealth
  8669 | D:10     | HP: 1/74 [two-headed ogre/+0 giant club (27)]
  8675 | D:10     | Killed a two-headed ogre
  8836 | D:10     | Reached skill level 10 in Hexes
  8886 | D:10     | Reached XP level 11. HP: 34/80 MP: 16/20
  9051 | D:10     | Reached *** piety under Wu Jian
  9300 | D:10     | Killed Sonja
  9311 | D:10     | Noticed a two-headed ogre
  9317 | D:10     | Killed a two-headed ogre
  9819 | D:10     | Noticed a two-headed ogre
  9824 | D:10     | Killed a two-headed ogre
  9910 | D:11     | Noticed a two-headed ogre
  9925 | D:11     | Killed a two-headed ogre
  9948 | D:11     | Noticed a boulder beetle
  9958 | D:11     | Killed a boulder beetle
  9959 | D:11     | Reached skill level 10 in Short Blades
 10149 | D:11     | Found a staircase to the Lair.
 10299 | D:11     | Noticed a brown ugly thing
 10313 | D:11     | Killed a brown ugly thing
 10327 | D:11     | Reached XP level 12. HP: 89/92 MP: 18/22
 10394 | D:11     | Reached **** piety under Wu Jian
 10645 | D:11     | Noticed a two-headed ogre
 10689 | D:11     | Noticed a two-headed ogre
 10699 | D:11     | Killed a two-headed ogre
 10705 | D:11     | Slain by a troll

Illustrated notes

Levels and vault maps discovered:
D:1:      dpeg_arrival_arbitrary_a, layout_loops_ring, minmay_pentomino_z2
D:2:      layout_rooms, chequers_ecumenical_altar_grove
D:3:      layout_basic, uniq_grinder
D:4:      layout_cave_pools, portal_sewer_entry_e, chequers_serial_rivers_room_b
D:5:      layout_loops_corners, nicolae_uskayaw_dance_hall,
          nicolae_hepliaklqana_hazy_memory, minmay_temple_entry_large_hall,
          chequers_arboretum, kennysheep_generic_room_6
D:6:      layout_loops_cross, kennysheep_opposing_triangles, uniq_menkaure
D:7:      layout_gridville, glass_columns_a
D:8:      gammafunk_jiyva_shrine, layout_basic
D:9:      layout_basic, mainiacjoe_overflow_six_doors_small,
          nicolae_sif_muna_condensation, uniq_prince_ribbit1, uniq_erolcha
D:10:     minmay_polygon_palace, layout_cave_pools, uniq_sonja
D:11:     minmay_clustersquares, layout_small_grid, minmay_lair_entry_grove,
          serial_bayou_lagoon_b
Temple:   mainiacjoe_temple_coin_purse

Skill      XL: |  1  2  3  4  5  6  7  8  9 10 11 |
---------------+----------------------------------+-----
Fighting       | 1 2 3 4 5 8 |  8.1
Stealth        | 5 6 8 10 12 | 12.2
Short Blades   | 2 3 4 5 8 9 10 | 10.0
Hexes          | 5 6 8 10 12 | 12.2
Spellcasting   | 3 4 5 6 7 |  7.1
Throwing       | 1 2 3 |  3.3
Evocations     | 1 2 4 |  4.2
Dodging        | 3 4 6 |  6.5

Action                     |  1- 3 |  4- 6 |  7- 9 | 10-12 || total
---------------------------+-------+-------+-------+-------++-------
  Melee: Dagger            |    70 |   180 |   247 |   330 ||   827
         Bite              |     3 |     8 |    36 |    39 ||    86
         Punch             |       |     2 |     2 |     5 ||     9
   Cast: Ensorcelled Hiber |    22 |    99 |    96 |   103 ||   320
         Confusing Touch   |       |     2 |    19 |    22 ||    43
         Tukima's Dance    |       |       |    11 |       ||    11
         Dazzling Flash    |       |       |       |     5 ||     5
Ability: Lunge             |       |       |    18 |    24 ||    42
         Whirlwind         |       |       |     1 |     9 ||    10
  Evoke: Wand              |       |       |     1 |     3 ||     4
    Use: Scroll            |       |    14 |     8 |     3 ||    25
   Stab: Sleeping          |    31 |    61 |    59 |    61 ||   212
         Confused          |       |       |    13 |    22 ||    35
         Paralysed         |       |       |       |     1 ||     1
         Invisible         |       |       |       |     4 ||     4
         Distracted        |       |       |       |     1 ||     1
 Armour: Robe              |    12 |    56 |    40 |    61 ||   169
  Dodge: Dodged            |    41 |   140 |   161 |   182 ||   524
  Block: Other             |     6 |       |       |       ||     6

Table legend: (Time is in decaauts)
 A = Elapsed time spent in this place.
 B = Non-inter-level travel time spent in this place.
 C = Inter-level travel time spent in this place.
 D = Time resting spent in this place.
 E = Time spent auto-exploring this place.
 F = Levels seen in this place.
 G = Mean time per level.
                   A        B        C        D        E       F      G
               +--------+--------+--------+--------+--------+-----+--------+
         Total |  10559 |   9924 |    635 |    892 |   6454 |  13 |  812.2 |
       Dungeon |  10056 |   9433 |    623 |    892 |   6288 |  11 |  914.2 |
        Temple |    138 |    126 |     12 |      0 |    102 |   1 |  138.0 |
         Sewer |    363 |    363 |      0 |      0 |     64 |   1 |  363.0 |
               +--------+--------+--------+--------+--------+-----+--------+

Top non-repeatable levels by time:
    D:10: 1303 daAuts
     D:8: 1039 daAuts
     D:6: 1016 daAuts
     D:9: 1000 daAuts
     D:7: 945 daAuts
     D:5: 936 daAuts
     D:1: 855 daAuts
     D:4: 834 daAuts
    D:11: 779 daAuts
     D:3: 694 daAuts
     D:2: 653 daAuts
   Sewer: 363 daAuts
  Temple: 138 daAuts
